 Dungeon Sprint DCSS version 0.18-a0-1643-gb89d9db (webtiles) character file.

99402 Kidiri the Slayer (level 16, -15/186 HPs)
             Began as a Naga Fighter on Mar 28, 2016.
             Was the Champion of Cheibriados.
             Killed from afar by Lom Lobon (79 damage)
             ... with a great icy blast
             ... in the Dungeon (Sprint V: "Ziggurat Sprint").
             The game lasted 00:19:54 (2319 turns).

Kidiri the Slayer (Naga Fighter)                    Turns: 2319, Time: 00:19:56

Health: -15/186    AC: 51    Str: 67    XL:     16   Next: 25%
Magic:  3/28       EV: 18    Int: 27    God:    Cheibriados [******]
Gold:   0          SH: 40    Dex: 30    Spells: 0 memorised, 15 levels left

rFire  + . .     SeeInvis +     a - +6 shillelagh "Devastator" {shatter}
rCold  x . .     Gourm    .     b - +15 Maxwell's patent armour {-Cast -Tele rElec MR+ rCorr}
rNeg   + . .     Faith    .     c - +18 shield of the gong {rElec rN+ MR+ EV-5}
rPois  +         Spirit   .     H - +2 helmet {Int+3}
rElec  +         Dismiss  .     G - -3 cloak "Idoti" {*Confuse rPois Str+8}
rCorr  +         Reflect  .     (no gloves)
SustAt .         Harm     .     x - +2 naga barding {rF+}
MR     +++..     Rnd*Rage +     B - amulet of Oenomania {+Rage Str+4 Int+2 Slay+3}
Stlth  .......... NoTele   +    L - ring of Fiwix {rC- MR- Str+8 Dex+4} NoCast +
                                n - +6 ring of strength

@: weakened, studying Evocations, very slow, extremely resistant to hostile
enchantments, extremely unstealthy
A: stinger 1, rough black scales 1, yellow scales 1, see invisible, berserk 1,
blink, deformed body, sense surroundings 1, poison resistance, slowness 2, slow
regeneration 1, slow metabolism 1, spit poison 2, wild magic 2, constrict 1,
sturdy frame 1, AC +5
a: Spit Poison, Blink, Bend Time, Temporal Distortion, Slouch, Step From Time,
Renounce Religion, Evoke Berserk Rage


You were in the Dungeon.
You worshipped Cheibriados.
Cheibriados was exalted by your worship.
You were very hungry.

You visited 1 branch

Inventory:

Hand Weapons
 a - the +6 shillelagh "Devastator" (weapon) {shatter}
   (You found it in the Dungeon)
Armour
 b - the +15 Maxwell's patent armour (worn) {-Cast -Tele rElec MR+ rCorr}
   (You found it in the Dungeon)

   It insulates you from electricity.
   It affects your resistance to hostile enchantments.
   It prevents spellcasting.
   It prevents most forms of teleportation.
   It protects you from acid and corrosion.
 c - the +18 shield of the gong (worn) {rElec rN+ MR+ EV-5}
   (You found it in the Dungeon)

   It affects your evasion (-5).
   It insulates you from electricity.
   It protects you from negative energy.
   It affects your resistance to hostile enchantments.
 x - a +2 naga barding of fire resistance (worn)
 G - the -3 cloak "Idoti" (worn) {*Confuse rPois Str+8}
   (You found it in the Dungeon)

   It affects your strength (+8).
   It protects you from poison.
   It may confuse you when you take damage.
 H - a +2 helmet of intelligence (worn)
Jewellery
 n - a +6 ring of strength (left hand)
 B - the amulet of Oenomania (around neck) {+Rage Str+4 Int+2 Slay+3}
   (You found it in the Dungeon)

   [amulet of rage]

   It affects your strength (+4).
   It affects your intelligence (+2).
   It affects your accuracy and damage with ranged weapons and melee attacks
   (+3).
   It lets you go berserk.
 E - the ring "Rawipnid" {rElec rC+ Str+4 Int+3 Stlth-}
   (You found it in the Dungeon)

   [ring of protection from cold]

   It affects your strength (+4).
   It affects your intelligence (+3).
   It protects you from cold.
   It insulates you from electricity.
   It makes you less stealthy.
 L - the ring of Fiwix (right hand) {rC- MR- Str+8 Dex+4}
   (You took it off a vault guard in the Dungeon)

   [ring of dexterity]

   It affects your strength (+8).
   It affects your dexterity (+4).
   It makes you vulnerable to cold.
   It affects your resistance to hostile enchantments.
 Q - the ring of Robustness {AC+8}
   (You found it in the Dungeon)

   [ring of protection]

   It affects your AC (+8).
 S - the ring "Neiwuwk" {rPois EV+6}
   (You found it in the Dungeon)

   [ring of evasion]

   It affects your evasion (+6).
   It protects you from poison.
Scrolls
 k - 4 scrolls of blinking
 l - 4 scrolls of amnesia
 m - 4 scrolls of recharging
 p - 7 scrolls of fog
 q - 2 scrolls of holy word
 r - 2 scrolls of identify
 s - 4 scrolls of remove curse
 t - 2 scrolls of fear
 M - 4 scrolls of enchant armour
Potions
 d - 6 potions of might
 e - 9 potions of curing
 g - 9 potions of heal wounds
 i - 5 potions of magic
 u - 2 potions of brilliance
 v - 2 potions of invisibility
 w - 4 potions of resistance
 z - 7 potions of agility
Books
 P - a manual of Evocations
Miscellaneous
 y - a plain deck of defence {drawn: 3}
 F - a plain deck of defence {drawn: 1}
 I - a plain deck of wonders {drawn: 3}
 J - a plain deck of summoning {drawn: 1}
 K - a plain deck of wonders {drawn: 1}
 O - a legendary deck of summoning {drawn: 1}
 R - a plain deck of summoning {drawn: 1}
 U - a plain deck of escape {drawn: 1}
 X - a plain deck of defence {drawn: 1}
Comestibles
 f - 5 bread rations
 h - 42 fruits
 j - 3 meat rations


   Skills:
 * Level 22.6 Fighting
 + Level 17.8 Maces & Flails
 * Level 18.4 Armour
 + Level 15.3 Dodging
 * Level 18.4 Shields
 + Level 16.8 Invocations
 + Level 13.0 Evocations


You had 15 spell levels left.
You didn't know any spells.

Dungeon Overview and Level Annotations

Branches:
Dungeon (1/1)

Altars:
Ashenzari
Cheibriados
Dithmenos
Elyvilon
Fedhas
Gozag
Kikubaaqudgha
Makhleb
Nemelex Xobeh
Okawaru
Pakellas
Qazlal
Ru
Sif Muna
Trog
Vehumet
Xom
Yredelemnul
Zin
The Shining One
Beogh
Jiyva
Lugonu

Annotations:
D Lom Lobon


Innate Abilities, Weirdness & Mutations

You cannot wear boots.
Your serpentine skin is tough (AC +5).
You have supernaturally acute eyesight.
Armour fits poorly on your strangely shaped body.
Your system is resistant to poisons.
You cover ground very slowly.
You have a slow metabolism.
You can spit poison.
You can use your snake-like lower body to constrict enemies.
Your tail ends in a poisonous barb.
You are partially covered in rough black scales (AC +4, Dex -1).
You are partially covered in yellow scales (AC +2).
You tend to lose your temper in combat.
You can translocate small distances at will.
You passively map a small area around you.
You regenerate slowly when monsters are visible.
Your spells are harder to cast, but more powerful.
Your movements are slightly less encumbered by armour (ER -2).


Message History

The blast of lightning engulfs Lom Lobon.
Lom Lobon completely resists.
Cheibriados thoroughly appreciates the change of pace.
The ball lightning explodes!
The blast of lightning engulfs Lom Lobon.
Lom Lobon completely resists.
Cheibriados thoroughly appreciates the change of pace.
You are feeling very hungry.
You constrict Dispater!
You kill Dispater!
Cheibriados appreciates the change of pace.
Your Evocations skill increases to level 13!
Lom Lobon gestures.
Lom Lobon is healed.
Unknown command.
You can feel time thicken for a moment.
You feel somewhat more hungry. Lom Lobon gestures at you.
Lom Lobon conjures a mighty blast of ice!
The great icy blast engulfs you!
You feel a painful chill!
You die...

,
...............▓.[..[.):
...............▓..:||::|
, ,
▓▓▓▓▓▓▓▓▓▓▓▓▓▓▓▓........
,
.§....8©8......▓........
,
..:))))["}}:|..▓........
,
....&§§§.})....▓.....)..
,
*....§§§§|)}....▓........
.)..§§§§.......▓..▓.....
*....§§§@.......▓.▓▓▓....
.....).).......▓..▓.....
*......)........▓........
..)...)........▓........
,
▓.)..)[)........▓▓▓▓▓▓▓▓▓
▓...▓.......▓...▓88
▓..▓▓▓....)▓▓▓..▓ , ,
▓..§▓.).....▓...▓ , ,
,,▓§§§§§§@§§§§....▓ , , ,


You could see Lom Lobon.

Vanquished Creatures
  Gloorx Vloq (D)
  Dispater (D)
  Mara (D)
  A shard shrike (shapeshifter) (D)
  Margery (D)
  A golden dragon (shapeshifter) (D)
  Jory (D)
  Nellie (D)
  2 liches (D)
  Polyphemus (D)
  Ilsuiw (D)
  A ghost moth (shapeshifter) (D)
  An iron dragon (shapeshifter) (D)
  2 orc warlords (D)
  A frost giant (D)
  4 reapers (D)
  A stone giant (D)
  A stone giant (shapeshifter) (D)
  3 vampire knights (D)
  An apis (shapeshifter) (D)
  12 vault guards (D)
  A blizzard demon (D)
  An ice dragon (shapeshifter) (D)
  Erolcha (D)
  An ice dragon (D)
  A hydra (shapeshifter) (D)
  A satyr (shapeshifter) (D)
  A queen ant (shapeshifter) (D)
  Urug (D)
  2 hell hogs (D)
  3 orc high priests (D)
  2 vampire magi (D)
  A shock serpent (shapeshifter) (D)
  A hell hog (shapeshifter) (D)
  Sonja (D)
  A fire crab (shapeshifter) (D)
  5 skeletal warriors (D)
  3 soul eaters (D)
  4 necromancers (D)
  A harpy (D)
  Pikel (D)
  2 orc sorcerers (D)
  A flayed ghost (D)
  2 orc knights (D)
  An ugly thing (D)
  A cyclops (D)
  A manticore (shapeshifter) (D)
  A guardian serpent (shapeshifter) (D)
  A black mamba (D)
  Psyche (D)
  A naga mage (D)
  2 rust devils (D)
  2 water nymphs (shapeshifter) (D)
  An efreet (D)
  2 hellions (D)
  A yaktaur (D)
  2 tormentors (D)
  A rime drake (D)
  5 ice devils (D)
  4 red devils (D)
  6 freezing wraiths (D)
  2 polar bears (D)
  3 merfolk (D)
  A giant leech (shapeshifter) (D)
  A polar bear (shapeshifter) (D)
  A slime creature (D)
  A flying skull (D)
  A tarantella (shapeshifter) (D)
  2 spriggans (D)
  2 vampires (D)
  A wraith (D)
  5 shadows (D)
  A vampire mosquito (D)
  2 nagas (D)
  5 hell hounds (D)
  Duvessa (D)
  2 water moccasins (D)
  3 phantoms (D)
  2 orc warriors (D)
  2 ice beasts (D)
  A black bear (D)
  A wolf (D)
  4 necrophages (D)
  4 centaurs (D)
  7 wights (D)
  A quasit (D)
  4 iron imps (D)
  3 mummies (D)
  An adder (D)
  A shadow imp (D)
  3 white imps (D)
  7 adder skeletons (D)
  6 adder zombies (D)
  14 ball lightnings (D)
  2 ball pythons (D)
  6 bat skeletons (D)
  4 bat zombies (D)
  A ball python skeleton (D)
  2 giant cockroach zombies (D)
  A giant gecko simulacrum (D)
  2 giant gecko skeletons (D)
  4 giant gecko zombies (D)
  A jackal skeleton (D)
  A quokka skeleton (D)
  A quokka zombie (D)
  A spectral ball python (D)
  A spectral giant cockroach (D)
  A spectral quokka (D)
  An eldritch tentacle segment (D)
  2 fire vortices (D)
236 creatures vanquished.

Vanquished Creatures (collateral kills)
  A hornet (shapeshifter) (D)
  A warg (shapeshifter) (D)
  A soldier ant (shapeshifter) (D)
3 creatures vanquished.

Vanquished Creatures (others)
  Mennas (D)
  An eldritch tentacle (D)
  Gastronok (D)
  Wiglaf (D)
  Maud (D)
  Nessos (D)
  Harold (D)
  Nergalle (D)
  A harpy (shapeshifter) (D)
  Maurice (D)
  A polar bear (shapeshifter) (D)
  An adder skeleton (D)
  A bat zombie (D)
  57 eldritch tentacle segments (D)
70 creatures vanquished.

Grand Total: 309 creatures vanquished

Notes
Turn   | Place    | Note
--------------------------------------------------------------
     0 | D        | Kidiri the Naga Fighter began the quest for the Orb.
     0 | D        | Reached XP level 1. HP: 21/21 MP: 1/1
     0 | D        | Found a viscous altar of Jiyva.
     0 | D        | Found a roughly hewn altar of Beogh.
     0 | D        | Found a corrupted altar of Lugonu.
     0 | D        | Found a white marble altar of Elyvilon.
     0 | D        | Found a sparkling altar of Nemelex Xobeh.
     7 | D        | Became a worshipper of Cheibriados the Contemplative
    10 | D        | Found a deep blue altar of Sif Muna.
    10 | D        | Found a bloodstained altar of Trog.
    10 | D        | Found a burning altar of Makhleb.
    10 | D        | Found an iron altar of Okawaru.
    14 | D        | Found a radiant altar of Vehumet.
    61 | D        | Found a shimmering altar of Xom.
    71 | D        | Reached skill level 4 in Fighting
    71 | D        | Reached skill level 1 in Dodging
    71 | D        | Reached XP level 2. HP: 27/31 MP: 1/3
   116 | D        | Entered arena 1.
   116 | D        | Noticed a wight
   119 | D        | Killed a wight
   119 | D        | Reached skill level 5 in Fighting
   119 | D        | Reached XP level 3. HP: 37/39 MP: 3/5
   140 | D        | Entered arena 2.
   140 | D        | Noticed an ice devil
   142 | D        | Reached * piety under Cheibriados
   142 | D        | Reached XP level 4. HP: 46/46 MP: 6/6
   146 | D        | Reached ** piety under Cheibriados
   150 | D        | Killed an ice devil
   150 | D        | Reached skill level 7 in Fighting
   150 | D        | Reached skill level 5 in Maces & Flails
   150 | D        | Reached XP level 5. HP: 51/57 MP: 6/8
   150 | D        | Reached XP level 6. HP: 59/66 MP: 6/9
   173 | D        | Entered arena 3.
   173 | D        | Noticed a black bear
   173 | D        | Noticed a spriggan
   173 | D        | Noticed a spriggan
   174 | D        | Reached skill level 5 in Invocations
   175 | D        | Killed a spriggan
   175 | D        | Reached *** piety under Cheibriados
   175 | D        | Reached skill level 8 in Fighting
   175 | D        | Reached XP level 7. HP: 72/74 MP: 9/11
   175 | D        | Killed a spriggan
   177 | D        | Reached **** piety under Cheibriados
   195 | D        | Entered arena 4.
   195 | D        | Noticed a vampire mosquito
   195 | D        | Noticed a white ugly thing
   195 | D        | Noticed a slime creature
   195 | D        | Noticed a harpy
   200 | D        | Killed a slime creature
   200 | D        | Reached skill level 9 in Fighting
   200 | D        | Reached XP level 8. HP: 83/85 MP: 12/12
   202 | D        | Killed a white ugly thing
   202 | D        | Reached ***** piety under Cheibriados
   202 | D        | Reached skill level 5 in Dodging
   204 | D        | Killed a harpy
   204 | D        | Reached skill level 10 in Fighting
   204 | D        | Reached XP level 9. HP: 87/93 MP: 12/14
   294 | D        | Entered arena 5.
   325 | D        | Entered arena 6.
   328 | D        | Reached ****** piety under Cheibriados
   336 | D        | Got the ring of Ecvo Pec {Int+6 Dex+4 Stlth-}
   344 | D        | Entered arena 7.
   344 | D        | Noticed a hell hog
   344 | D        | Noticed an efreet
   350 | D        | Killed a hell hog
   350 | D        | Reached skill level 11 in Fighting
   355 | D        | Killed an efreet
   355 | D        | Reached XP level 10. HP: 61/105 MP: 10/16
   598 | D        | Entered arena 8.
   615 | D        | Got the amulet "Pomuca Xuih" {+Rage Slay+3}
   622 | D        | Entered arena 9.
   622 | D        | Noticed a cyclops
   625 | D        | Reached skill level 10 in Armour
   625 | D        | Reached skill level 10 in Shields
   628 | D        | Killed a cyclops
   628 | D        | Reached skill level 12 in Fighting
   696 | D        | Entered arena 10.
   696 | D        | Noticed a naga mage
   696 | D        | Noticed a black mamba
   697 | D        | Killed a black mamba
   701 | D        | Killed a naga mage
   834 | D        | Entered arena 11.
   834 | D        | Noticed a flayed ghost
   834 | D        | Noticed a skeletal warrior
   835 | D        | Noticed a reaper
   835 | D        | Noticed a rust devil
   837 | D        | Killed a flayed ghost
   837 | D        | Reached XP level 11. HP: 113/115 MP: 12/18
   838 | D        | Killed a skeletal warrior
   838 | D        | Killed a reaper
   838 | D        | Reached skill level 13 in Fighting
   838 | D        | Reached skill level 10 in Invocations
   849 | D        | Got the ring "Edatholo" {rC+ Dex+7 SInv}
   853 | D        | Got the cursed -3 cloak "Idoti" {*Confuse rPois Str+8}
   863 | D        | Got the amulet of Uxzel {RegenMP rN+}
   899 | D        | Entered arena 12.
   899 | D        | Noticed an orc sorcerer
   899 | D        | Noticed an orc high priest
   899 | D        | Noticed an orc knight
   900 | D        | Noticed an orc high priest
   900 | D        | Noticed an orc high priest
   900 | D        | Noticed an orc knight
   900 | D        | Noticed an orc warlord
   901 | D        | Noticed an orc sorcerer
   901 | D        | Noticed an orc warlord
   902 | D        | Noticed a sixfirhy
   902 | D        | Killed an orc high priest
   902 | D        | Killed an orc sorcerer
   902 | D        | Killed an orc sorcerer
   903 | D        | Killed an orc knight
   903 | D        | Reached skill level 10 in Maces & Flails
   903 | D        | Killed an orc high priest
   903 | D        | Killed an orc knight
   903 | D        | Killed an orc high priest
   903 | D        | Reached skill level 14 in Fighting
   904 | D        | Killed an orc warlord
   904 | D        | Reached XP level 12. HP: 72/128 MP: 3/20
   907 | D        | Killed an orc warlord
   907 | D        | Reached skill level 10 in Dodging
  1086 | D        | Entered arena 13.
  1087 | D        | Noticed a soul eater
  1088 | D        | Noticed a soul eater
  1088 | D        | Noticed a soul eater
  1102 | D        | Killed a soul eater
  1108 | D        | Killed a soul eater
  1109 | D        | Killed a soul eater
  1119 | D        | Got the amulet of Oenomania {+Rage Str+4 Int+2 Slay+3}
  1135 | D        | Got the ring "Tucu Ori" {+Fly Str+2}
  1147 | D        | Got a faintly glowing large shield
  1158 | D        | Identified the +0 large shield of Xumiet {rPois} (You acquired it in the Dungeon)
  1224 | D        | Entered arena 14.
  1224 | D        | Noticed a vampire knight
  1226 | D        | Noticed a lich
  1231 | D        | Killed a vampire knight
  1231 | D        | Reached skill level 15 in Fighting
  1234 | D        | Killed a lich
  1247 | D        | Got the ring "Zowu" {rCorr +Fly rN+ MP+9 Int+3}
  1256 | D        | Got the ring "Ytroh" {rC+ rN+ Dex+2 Slay+3}
  1332 | D        | Entered arena 15.
  1334 | D        | Noticed a reaper
  1334 | D        | Noticed a reaper
  1336 | D        | Gained mutation: You can use your snake-like lower body to constrict enemies. [Naga growth]
  1336 | D        | Reached XP level 13. HP: 88/139 MP: 16/22
  1339 | D        | Killed a reaper
  1340 | D        | Killed a reaper
  1340 | D        | Reached skill level 16 in Fighting
  1488 | D        | Entered arena 16.
  1491 | D        | Noticed a vault guard
  1491 | D        | Noticed a vault guard
  1491 | D        | Noticed a vault guard
  1491 | D        | Noticed a vault guard
  1491 | D        | Noticed a vault guard
  1491 | D        | Noticed a vault guard
  1491 | D        | Noticed a vault guard
  1492 | D        | Noticed a stone giant
  1492 | D        | Noticed a vault guard
  1492 | D        | Noticed a lich
  1492 | D        | Noticed a vault guard
  1492 | D        | Noticed a vault guard
  1492 | D        | Noticed a vault guard
  1492 | D        | Noticed a vault guard
  1493 | D        | Noticed a tentacled monstrosity
  1495 | D        | Noticed an eldritch tentacle
  1495 | D        | Killed a vault guard
  1495 | D        | Killed a vault guard
  1495 | D        | Killed a vault guard
  1495 | D        | Killed a vault guard
  1495 | D        | Killed a vault guard
  1495 | D        | Killed a vault guard
  1495 | D        | Reached skill level 17 in Fighting
  1495 | D        | Killed a lich
  1495 | D        | Killed a vault guard
  1495 | D        | Killed a vault guard
  1495 | D        | Killed a vault guard
  1495 | D        | Killed a vault guard
  1495 | D        | Reached skill level 18 in Fighting
  1495 | D        | Killed a stone giant
  1495 | D        | Killed a vault guard
  1495 | D        | Killed a vault guard
  1505 | D        | Killed an eldritch tentacle
  1514 | D        | Got the ring of Fiwix {rC- MR- Str+8 Dex+4}
  1638 | D        | Entered arena 17.
  1638 | D        | Noticed a vampire knight
  1638 | D        | Noticed a vampire knight
  1639 | D        | Reached XP level 14. HP: 157/157 MP: 24/24
  1641 | D        | Killed a vampire knight
  1641 | D        | Reached skill level 15 in Armour
  1641 | D        | Reached skill level 15 in Shields
  1646 | D        | Killed a vampire knight
  1649 | D        | Reached skill level 19 in Fighting
  1662 | D        | Got the cursed ring "Qeliboz" {rN+ Str-3}
  1734 | D        | Entered arena 18.
  1738 | D        | Noticed a frost giant
  1745 | D        | Killed a frost giant
  1778 | D        | Got the ring "Rawipnid" {rElec rC+ Str+4 Int+3 Stlth-}
  2023 | D        | Gained mutation: You are clumsy. (Dex -2) [helix card]
  2024 | D        | Drew Focus: Str increased to 24, Int decreased to 7
  2025 | D        | Entered arena 19.
  2030 | D        | Noticed a reaper
  2031 | D        | Reached skill level 20 in Fighting
  2031 | D        | Reached skill level 1 in Evocations
  2033 | D        | Reached skill level 15 in Maces & Flails
  2034 | D        | Killed a reaper
  2079 | D        | Got the ring "Neiwuwk" {rPois EV+6}
  2095 | D        | Entered arena 20.
  2099 | D        | Noticed a glowing shapeshifter
  2099 | D        | Noticed a shard shrike
  2099 | D        | a glowing shapeshifter changed into a shard shrike
  2100 | D        | Noticed a glowing shapeshifter
  2100 | D        | Noticed a storm dragon
  2100 | D        | a storm dragon changed into an entropy weaver
  2100 | D        | Noticed an iron giant
  2100 | D        | a glowing shapeshifter changed into an iron giant
  2100 | D        | Noticed a titan
  2100 | D        | an iron giant changed into a titan
  2100 | D        | Noticed a hellephant
  2100 | D        | a shard shrike changed into a hellephant
  2100 | D        | Noticed a shard shrike
  2100 | D        | a hellephant changed into a shard shrike
  2100 | D        | Noticed an iron giant
  2100 | D        | a shard shrike changed into an iron giant
  2101 | D        | Noticed a hellephant
  2101 | D        | a titan changed into a hellephant
  2101 | D        | Noticed a shard shrike
  2101 | D        | an iron giant changed into a shard shrike
  2103 | D        | Noticed a ghost moth
  2103 | D        | an ettin changed into a ghost moth
  2103 | D        | Noticed a caustic shrike
  2103 | D        | a hellephant changed into a caustic shrike
  2104 | D        | a ghost moth changed into an ettin
  2105 | D        | Noticed a shadow dragon
  2105 | D        | Noticed an iron giant
  2105 | D        | Noticed a ghost moth
  2105 | D        | Noticed a golden dragon
  2105 | D        | Noticed a hellephant
  2106 | D        | Noticed an azure jelly
  2106 | D        | a great orb of eyes changed into an azure jelly
  2106 | D        | an azure jelly changed into an iron troll
  2106 | D        | a shadow dragon changed into an iron troll
  2106 | D        | Noticed a shard shrike
  2106 | D        | an iron giant changed into a shard shrike
  2106 | D        | Noticed an acid blob
  2106 | D        | a golden dragon changed into an acid blob
  2107 | D        | Killed a shard shrike
  2107 | D        | Reached skill level 5 in Evocations
  2107 | D        | Noticed an iron dragon
  2107 | D        | an acid blob changed into an iron dragon
  2109 | D        | Noticed an emperor scorpion
  2109 | D        | a catoblepas changed into an emperor scorpion
  2109 | D        | Noticed a titan
  2109 | D        | a hellephant changed into a titan
  2110 | D        | Noticed a shard shrike
  2110 | D        | a titan changed into a shard shrike
  2111 | D        | Noticed a dire elephant
  2111 | D        | an iron troll changed into a dire elephant
  2111 | D        | Noticed an apis
  2111 | D        | a dire elephant changed into an apis
  2111 | D        | Noticed a stone giant
  2111 | D        | an iron troll changed into a stone giant
  2111 | D        | Noticed a shadow dragon
  2111 | D        | an iron dragon changed into a shadow dragon
  2111 | D        | Noticed a titan
  2111 | D        | a shard shrike changed into a titan
  2113 | D        | Noticed an apis
  2113 | D        | a stone giant changed into an apis
  2114 | D        | Reached skill level 15 in Invocations
  2115 | D        | Noticed a frost giant
  2115 | D        | an apis changed into a frost giant
  2115 | D        | Noticed a juggernaut
  2115 | D        | a titan changed into a juggernaut
  2116 | D        | an emperor scorpion changed into a five-headed hydra
  2119 | D        | Reached XP level 15. HP: 155/171 MP: 21/26
  2120 | D        | Noticed a ghost moth
  2120 | D        | an entropy weaver changed into a ghost moth
  2120 | D        | a shadow dragon changed into a stone giant
  2120 | D        | Noticed a shard shrike
  2120 | D        | a juggernaut changed into a shard shrike
  2121 | D        | Noticed a sphinx
  2121 | D        | a stone giant changed into a sphinx
  2126 | D        | a sphinx changed into a stone giant
  2127 | D        | Noticed a sphinx
  2127 | D        | a frost giant changed into a sphinx
  2129 | D        | Noticed an azure jelly
  2129 | D        | a sphinx changed into an azure jelly
  2129 | D        | Noticed a shadow dragon
  2129 | D        | a stone giant changed into a shadow dragon
  2129 | D        | Noticed a titan
  2129 | D        | a shard shrike changed into a titan
  2130 | D        | Noticed an iron dragon
  2130 | D        | a shadow dragon changed into an iron dragon
  2130 | D        | Noticed a juggernaut
  2130 | D        | a titan changed into a juggernaut
  2134 | D        | Killed a ghost moth
  2134 | D        | Noticed a sphinx
  2134 | D        | an azure jelly changed into a sphinx
  2135 | D        | Killed an iron dragon
  2135 | D        | Reached skill level 21 in Fighting
  2135 | D        | Noticed a caustic shrike
  2135 | D        | a juggernaut changed into a caustic shrike
  2136 | D        | a sphinx changed into an iron troll
  2136 | D        | Noticed a shadow dragon
  2136 | D        | a caustic shrike changed into a shadow dragon
  2138 | D        | Noticed a shadow dragon
  2138 | D        | an iron troll changed into a shadow dragon
  2138 | D        | Noticed a quicksilver dragon
  2138 | D        | a shadow dragon changed into a quicksilver dragon
  2138 | D        | Noticed a quicksilver dragon
  2138 | D        | a shadow dragon changed into a quicksilver dragon
  2138 | D        | Noticed a shadow dragon
  2138 | D        | a quicksilver dragon changed into a shadow dragon
  2140 | D        | a quicksilver dragon changed into an iron troll
  2141 | D        | Noticed a frost giant
  2141 | D        | a shadow dragon changed into a frost giant
  2143 | D        | Noticed a quicksilver dragon
  2143 | D        | a frost giant changed into a quicksilver dragon
  2144 | D        | a quicksilver dragon changed into a stone giant
  2146 | D        | Noticed a golden dragon
  2146 | D        | a stone giant changed into a golden dragon
  2148 | D        | Killed a golden dragon
  2155 | D        | Gained mutation: You are partially covered in rough black scales (AC +4, Dex -1). [mutagenic meat]
  2156 | D        | Gained mutation: Your movements are slightly less encumbered by armour (ER -2). [mutagenic meat]
  2161 | D        | Lost mutation: You are clumsy. (Dex -2) [mutagenic meat]
  2166 | D        | Gained mutation: You can translocate small distances at will. [mutagenic meat]
  2167 | D        | Gained mutation: You are resistant to electric shocks. [mutagenic meat]
  2173 | D        | Gained mutation: You regenerate slowly when monsters are visible. [mutagenic meat]
  2174 | D        | Lost mutation: Your movements are slightly less encumbered by armour (ER -2). [mutagenic meat]
  2175 | D        | Gained mutation: Your spells are a little harder to cast, but a little more powerful. [mutagenic meat]
  2176 | D        | Gained mutation: Your muscles are strong. (Str +2) [mutagenic meat]
  2178 | D        | Gained mutation: You are partially covered in yellow scales (AC +2). [mutagenic meat]
  2179 | D        | Gained mutation: Your movements are slightly less encumbered by armour (ER -2). [mutagenic meat]
  2186 | D        | Lost mutation: You are resistant to electric shocks. [mutagenic meat]
  2192 | D        | Gained mutation: Your tail ends in a poisonous barb. [mutagenic meat]
  2201 | D        | Gained mutation: You passively map a small area around you. [mutagenic meat]
  2203 | D        | Gained mutation: You can exhale a cloud of poison. [mutagenic meat]
  2217 | D        | Lost mutation: Your muscles are strong. (Str +2) [mutagenic meat]
  2226 | D        | Gained mutation: You tend to lose your temper in combat. [mutagenic meat]
  2232 | D        | Gained mutation: Your spells are harder to cast, but more powerful. [mutagenic meat]
  2238 | D        | Lost mutation: You can exhale a cloud of poison. [mutagenic meat]
  2248 | D        | Got the ring "Duuprewn" {rC+ MR+ MP+9 SInv}
  2291 | D        | Entered arena 21.
  2291 | D        | Noticed Duvessa
  2291 | D        | Noticed Jory
  2291 | D        | Noticed Psyche
  2291 | D        | Noticed Sonja
  2291 | D        | Noticed Pikel
  2292 | D        | Killed Sonja
  2293 | D        | Killed Psyche
  2293 | D        | Killed Duvessa
  2293 | D        | Killed Pikel
  2295 | D        | Noticed an Executioner
  2295 | D        | Noticed an Executioner
  2295 | D        | Noticed an Executioner
  2295 | D        | Noticed an Executioner
  2295 | D        | Noticed Mennas
  2295 | D        | Noticed Nessos
  2295 | D        | Noticed Gloorx Vloq
  2295 | D        | Noticed Ilsuiw
  2295 | D        | Noticed Urug
  2295 | D        | Noticed Polyphemus
  2295 | D        | Noticed Maurice
  2296 | D        | Noticed Erolcha
  2297 | D        | Noticed Dispater
  2298 | D        | Noticed Maud
  2300 | D        | Noticed an Executioner
  2300 | D        | Noticed an Executioner
  2300 | D        | Noticed an Executioner
  2300 | D        | Noticed Mara
  2300 | D        | Noticed Lom Lobon
  2300 | D        | Noticed Margery
  2300 | D        | Noticed Harold
  2301 | D        | Killed Jory
  2301 | D        | Killed Urug
  2301 | D        | Killed Nessos
  2301 | D        | Noticed Nellie
  2301 | D        | Noticed Gastronok
  2302 | D        | Killed Maurice
  2302 | D        | Killed Nergalle
  2302 | D        | Killed Erolcha
  2302 | D        | Reached skill level 10 in Evocations
  2302 | D        | Noticed Wiglaf
  2303 | D        | Killed Wiglaf
  2303 | D        | Killed Maud
  2303 | D        | Killed Mennas
  2303 | D        | Killed Harold
  2304 | D        | Noticed Kidiri's illusion
  2304 | D        | Noticed an Executioner
  2304 | D        | Noticed an Executioner
  2304 | D        | Killed Mara
  2304 | D        | Killed Ilsuiw
  2304 | D        | Killed Polyphemus
  2304 | D        | Reached skill level 22 in Fighting
  2304 | D        | Killed Gastronok
  2305 | D        | Noticed an Executioner
  2305 | D        | Killed Gloorx Vloq
  2305 | D        | Reached skill level 15 in Dodging
  2305 | D        | Reached XP level 16. HP: 113/184 MP: 11/28
  2306 | D        | Killed Margery
  2308 | D        | Noticed an Executioner
  2314 | D        | Killed Nellie
  2318 | D        | Killed Dispater
  2319 | D        | Killed from afar by Lom Lobon

Vault maps used:
D:        sprint_v

Skill      XL: |  1  2  3  4  5  6  7  8  9 10 11 12 13 14 15 16 |
---------------+-------------------------------------------------+-----
Fighting       | 4 5 7 8 9 10 11 12 14 15 18 20 22 | 22.6
Maces & Flails | 3 5 6 7 8 9 10 11 13 16 17 | 17.8
Armour         | 3 4 6 7 8 9 10 12 13 14 16 18 | 18.4
Dodging        | 1 2 3 4 5 6 7 9 11 13 14 15 | 15.3
Shields        | 3 4 6 7 8 9 10 12 13 14 16 18 | 18.4
Invocations    | 2 4 5 6 7 8 9 11 12 13 15 16 | 16.8
Evocations     | 6 12 13 | 13.0

Action                   |  1- 3 |  4- 6 |  7- 9 | 10-12 | 13-15 | 16-18 || total
-------------------------+-------+-------+-------+-------+-------+-------++-------
Melee: Shillelagh        |     3 |    10 |    24 |    41 |    66 |     6 ||   150
Invok: Slouch            |       |       |     3 |    14 |    19 |     7 ||    43
Evoke: Deck              |       |       |     2 |     1 |    10 |       ||    13
  Use: Potion            |     1 |       |       |       |     2 |     2 ||     5
       Scroll            |       |       |       |     3 |     3 |       ||     6
  Eat: Chunk             |       |       |       |     1 |    33 |       ||    34
       Meat ration       |       |       |       |     1 |       |       ||     1
